 Dungeon Sprint DCSS version 0.30-a0-34-gbe8da3892a (webtiles) character file.

Game seed: 17615443972712521276

5355 mhtbhm the Eclecticist (level 10, -2/53 HPs)
             Began as a Deep Elf Fire Elementalist on Aug 27, 2022.
             Was the Champion of Vehumet.
             Killed from afar by an orc sorcerer (31 damage)
             ... with a bolt of fire
             ... in the Dungeon (Sprint III: "The Ten Rune Challenge").
             The game lasted 00:05:36 (2497 turns).

mhtbhm the Eclecticist (Deep Elf Fire Elementalist) Turns: 2497, Time: 00:05:37

Health: -2/53      AC:  3    Str:  5    XL:     10   Next: 38%
Magic:  34/36      EV: 15    Int: 25    God:    Vehumet [******]
Gold:   56         SH:  0    Dex: 15    Spells: 34/49 levels left

rFire   . . .      SeeInvis .    n - +3 quarterstaff (chaos)
rCold   . . .      Faith    .    (shield currently unavailable)
rNeg    . . .      Spirit   .    a - +0 robe
rPois   .          Reflect  .    (no helmet)
rElec   .          Harm     .    j - +0 cloak
rCorr   .          Rampage  .    (no gloves)
Will    +....      NoTele   +    (no boots)
Stlth   +++.......               (no amulet)
HPRegen 0.17/turn                (no ring)
MPRegen 0.25/turn                (no ring)

@: no status effects
A: no striking features
a: Renounce Religion


You were in the Dungeon.
You worshipped Vehumet.
Vehumet was exalted by your worship.
You visited 1 branch You collected 56 gold pieces.

Inventory:

Hand Weapons
 n - a +3 quarterstaff of chaos (weapon)
Armour
 a - a +0 robe (worn)
 j - a +0 cloak (worn)
Wands
 c - a wand of charming (4)
Scrolls
 k - a scroll of torment
 l - a scroll of poison
Potions
 b - 3 potions of magic
 d - a potion of heal wounds
 f - a potion of berserk rage
 m - a potion of invisibility {unknown}
 o - 5 potions of mutation
 p - a potion of might


   Skills:
 + Level 1.7 Fighting
 + Level 6.2 Dodging
 + Level 5.5 Stealth
 + Level 20.3 Spellcasting
 + Level 8.1 Conjurations
 + Level 2.1 Translocations
 + Level 17.8 Fire Magic


You had 34 spell levels left.
You knew the following spells:

 Your Spells              Type           Power      Damage    Failure   Level
a - Foxfire               Conj/Fire      100%       2x1d9     0%          1
b - Scorch                Fire           100%       2d10      0%          2
c - Conjure Flame         Conj/Fire      74%        6-21      1%          3
d - Inner Flame           Hex/Fire       63%        N/A       1%          3
e - Flame Wave            Conj/Fire      74%        2d16      1%          4
f - Blink                 Tloc           72%        N/A       1%          2

Your spell library contained the following spells:

 Spells                   Type           Power      Damage    Failure   Level
 Starburst                Conj/Fire      37%        6d11      1%          6
 Magic Dart               Conj           100%       1d8       1%          1
 Searing Ray              Conj           100%       2d8       1%          2
 Fulminant Prism          Conj/Hex       22%        3d13      1%          4
 Lesser Beckoning         Tloc           36%        N/A       2%          3
 Manifold Assault         Tloc           36%        N/A       21%         5


Dungeon Overview and Level Annotations

Branches:
Dungeon (1/1)

Altars:
Cheibriados
Dithmenos
Elyvilon
Fedhas
Gozag
Hepliaklqana
Kikubaaqudgha
Makhleb
Nemelex Xobeh
Okawaru
Qazlal
Ru
Sif Muna
Trog
Uskayaw
Vehumet
Wu Jian
Xom
Yredelemnul
Zin
The Shining One
Jiyva
Lugonu


Message History

Confirm with . or Enter, or press ? or * to list all spells.
Casting: Flame Wave (safe; 1% risk of failure)
Press: ? - help, Dir - look around, f - activate A wave of flame ripples out! (Press . to intensify the flame waves.)
The orc warrior hits you from afar with a +0 trident.
A wave of flame ripples out!
The flame wave engulfs the orc warrior!
The orc warrior is severely wounded.
The flame wave engulfs the orc warrior!!
You kill the orc warrior!
Vehumet accepts your kill.
You feel your power returning.
The orc sorcerer gestures wildly while chanting.
A wave of flame ripples out!
The flame wave engulfs the orc warrior!
You kill the orc warrior!
Vehumet accepts your kill.
The flame wave engulfs the orc!
You kill the orc!
Vehumet accepts your kill.
You feel your power returning.
The flame wave engulfs the orc!
The orc resists.
You kill the orc!
Vehumet accepts your kill.
You feel your power returning.
The flame wave engulfs the orc sorcerer!
The orc sorcerer resists.
The orc sorcerer is moderately wounded.
A wave of flame ripples out!
The flame wave engulfs the orc sorcerer.
The orc sorcerer resists.
The orc sorcerer is heavily wounded.
The flame wave engulfs the orc!
You kill the orc!
Vehumet accepts your kill.
You feel your power returning.
The flame wave engulfs the chaos spawn!
The chaos spawn is moderately wounded.
You finish channelling waves of flame.
The orc sorcerer gestures at you while chanting.
The bolt of fire hits you!!
Ouch! That really hurt!
You die...

▓▓▓ ▓ ▓ ##.#############$####$#
##..#___#___#__#$#$#$$$$
.#..#.).#__)#._#.$.4)...
.#..###'#'###)##))))....
'#..#..........#))o)....
#...'.⌠........#@#
#..)#...######'#.#
..).#.⌠.#__#...#'################
....#...#__#...#....#.#.#.....#..
....#)###v_#...##.#..#.##.###.#..
....#.).#__#...'##.#.#.##.#.)##..
....#___#__+...#.).#.)#..##.)'...
▓▓▓▓▓▓▓▓▓▓▓▓▓▓▓▓▓▓▓▓▓▓▓▓▓▓▓▓▓#...
~~~........~~~...#^.^


You could see a chaos spawn (summoned) and an orc sorcerer.

Vanquished Creatures
  Erolcha (D)
  A deep elf pyromancer (D)
  A queen bee (D)
  3 wandering mushrooms (D)
  A shadow (D)
  2 redbacks (D)
  2 orc warriors (D)
  5 two-headed ogres (D)
  A necrophage (D)
  A water elemental (D)
  32 killer bees (D)
  2 orc priests (D)
  A jelly (D)
  Crazy Yiuf (D)
  Jessica (D)
  A wizard (D)
  A necromancer (D)
  2 orc wizards (D)
  A kobold demonologist (D)
  3 humans (D)
  10 orcs (D)
  2 endoplasms (D)
  2 rats (D)
77 creatures vanquished.

Vanquished Creatures (others)
  20 foxfires (D)
20 creatures vanquished.

Grand Total: 97 creatures vanquished

Notes
Turn   | Place    | Note
-------+----------+-------------------------------------------
     0 | D        | mhtbhm the Deep Elf Fire Elementalist began the quest for
                  | the Orb.
     0 | D        | Reached XP level 1. HP: 10/10 MP: 6/6
   272 | D        | Noticed Jessica
   277 | D        | Killed Jessica
   278 | D        | Reached skill level 4 in Spellcasting
   278 | D        | Reached skill level 5 in Fire Magic
   278 | D        | Reached XP level 2. HP: 15/15 MP: 4/9
   278 | D        | Reached XP level 3. HP: 19/19 MP: 4/11
   338 | D        | Learned a level 2 spell: Scorch
   342 | D        | Learned a level 3 spell: Conjure Flame
   346 | D        | Learned a level 3 spell: Inner Flame
   358 | D        | Reached skill level 5 in Spellcasting
   474 | D        | Noticed Crazy Yiuf
   476 | D        | Killed Crazy Yiuf
   477 | D        | Reached skill level 6 in Spellcasting
   477 | D        | Reached XP level 4. HP: 24/24 MP: 8/14
   491 | D        | Learned a level 4 spell: Flame Wave
   494 | D        | Learned a level 2 spell: Blink
   543 | D        | Noticed a water elemental
   549 | D        | Killed a water elemental
   550 | D        | Reached skill level 7 in Spellcasting
   633 | D        | Found a radiant altar of Vehumet.
   633 | D        | Found a shimmering blue altar of Sif Muna.
   633 | D        | Found an ancient bone altar of Kikubaaqudgha.
   633 | D        | Noticed a wizard
   634 | D        | Killed a wizard
   635 | D        | Reached XP level 5. HP: 28/28 MP: 14/17
   637 | D        | Reached skill level 8 in Spellcasting
   640 | D        | Became a worshipper of Vehumet
   684 | D        | Found a glowing silver altar of Zin.
   685 | D        | Found a glowing golden altar of the Shining One.
   685 | D        | Found a white marble altar of Elyvilon.
   685 | D        | Noticed a deep elf pyromancer
   689 | D        | Noticed a fire elemental
   689 | D        | Killed a deep elf pyromancer
   690 | D        | Reached skill level 5 in Dodging
   690 | D        | Reached skill level 12 in Spellcasting
   690 | D        | Reached skill level 5 in Conjurations
   690 | D        | Reached XP level 6. HP: 21/33 MP: 7/23
   690 | D        | Reached XP level 7. HP: 24/37 MP: 7/24
   803 | D        | Found a basalt altar of Yredelemnul.
   803 | D        | Found a shadowy altar of Dithmenos.
   803 | D        | Found a sacrificial altar of Ru.
   806 | D        | Reached * piety under Vehumet
   806 | D        | Offered knowledge of Freeze by Vehumet.
   882 | D        | Found a hide-covered altar of Uskayaw.
   882 | D        | Found an iron altar of Okawaru.
   882 | D        | Found a bloodstained altar of Trog.
   882 | D        | Found an ornate altar of the Wu Jian Council.
   882 | D        | Noticed a human
   883 | D        | Noticed a human
   886 | D        | Killed a human
   887 | D        | Reached skill level 13 in Spellcasting
   890 | D        | Killed a human
  1078 | D        | Noticed a shadow
  1081 | D        | Killed a shadow
  1081 | D        | Reached ** piety under Vehumet
  1082 | D        | Reached skill level 14 in Spellcasting
  1082 | D        | Reached XP level 8. HP: 42/42 MP: 21/28
  1083 | D        | Offered knowledge of Static Discharge by Vehumet.
  1198 | D        | Found a blossoming altar of Fedhas.
  1198 | D        | Found a stormy altar of Qazlal.
  1198 | D        | Found a snail-covered altar of Cheibriados.
  1198 | D        | Found a burning altar of Makhleb.
  1198 | D        | Found a shimmering altar of Xom.
  1199 | D        | Found a hazy altar of Hepliaklqana.
  1199 | D        | Found an opulent altar of Gozag.
  1199 | D        | Found a sparkling altar of Nemelex Xobeh.
  1199 | D        | Found a corrupted altar of Lugonu.
  1199 | D        | Found a viscous altar of Jiyva.
  1473 | D        | Offered knowledge of Frozen Ramparts by Vehumet.
  1503 | D        | Noticed a two-headed ogre
  1513 | D        | Killed a two-headed ogre
  1513 | D        | Reached *** piety under Vehumet
  1514 | D        | Reached skill level 1 in Fighting
  1514 | D        | Reached skill level 15 in Spellcasting
  1514 | D        | Reached skill level 1 in Translocations
  1693 | D        | Noticed a two-headed ogre
  1693 | D        | Noticed Erolcha
  1698 | D        | Killed a two-headed ogre
  1699 | D        | Reached skill level 16 in Spellcasting
  1700 | D        | Killed Erolcha
  1700 | D        | Offered knowledge of Dazzling Flash by Vehumet.
  1701 | D        | Reached skill level 17 in Spellcasting
  1701 | D        | Reached skill level 15 in Fire Magic
  1701 | D        | Reached XP level 9. HP: 28/47 MP: 16/32
  1876 | D        | Reached **** piety under Vehumet
  2030 | D        | Noticed a wandering mushroom
  2034 | D        | Noticed a wandering mushroom
  2038 | D        | Killed a wandering mushroom
  2038 | D        | Offered knowledge of Stone Arrow by Vehumet.
  2039 | D        | Reached skill level 5 in Stealth
  2039 | D        | Reached skill level 18 in Spellcasting
  2041 | D        | Noticed a wandering mushroom
  2046 | D        | Killed a wandering mushroom
  2052 | D        | Killed a wandering mushroom
  2145 | D        | Reached ***** piety under Vehumet
  2147 | D        | Reached skill level 19 in Spellcasting
  2147 | D        | Reached XP level 10. HP: 26/52 MP: 32/35
  2147 | D        | Reached ****** piety under Vehumet
  2153 | D        | Reached skill level 20 in Spellcasting
  2488 | D        | Noticed an orc sorcerer
  2489 | D        | Offered knowledge of Starburst by Vehumet.
  2497 | D        | Killed from afar by an orc sorcerer

Illustrated notes

Levels and vault maps discovered:
D:        dungeon_sprint_mu [sprint_mu_entry_cave, sprint_mu_temple_rooms,
          sprint_mu_d1_spiders, sprint_mu_d2_genie, sprint_mu_d3_branching,
          sprint_mu_orc_legion, sprint_mu_elf_gauntlet, sprint_mu_hive_nellie,
          sprint_mu_lair_fedhas, sprint_mu_vaults_butterflies,
          sprint_mu_slime_circle, sprint_mu_shoals_kraken,
          sprint_mu_snake_twists, sprint_mu_blade_basic,
          sprint_mu_crypt_chambers, sprint_mu_tomb_spiral,
          sprint_mu_vestibule_basic, sprint_mu_gehenna_hellfire,
          sprint_mu_dis_giant, sprint_mu_tartarus_statrot,
          sprint_mu_cocytus_islands, sprint_mu_zot1]

Skill      XL: |  1  2  3  4  5  6  7  8  9 10 |
---------------+-------------------------------+-----
Fire Magic     | 5 7 8 11 13 15 16 17 | 17.8
Dodging        | 3 4 5 6 |  6.2
Stealth        | 3 4 5 |  5.5
Spellcasting   | 4 6 7 12 14 17 19 20 | 20.3
Conjurations   | 2 3 5 7 8 |  8.1
Fighting       | 1 |  1.7
Translocations | 1 2 |  2.1

Action                   |  1- 3 |  4- 6 |  7- 9 | 10-12 || total
-------------------------+-------+-------+-------+-------++-------
Melee: Unarmed           |     1 |       |       |       ||     1
 Cast: Foxfire           |    14 |       |       |       ||    14
       Scorch            |     5 |     8 |    37 |       ||    50
       Flame Wave        |       |     2 |     9 |     4 ||    15
       Blink             |       |       |     1 |       ||     1
  Use: Potion            |       |       |     3 |     1 ||     4
       Scroll            |       |       |     4 |       ||     4
Armor: Robe              |     2 |       |     2 |       ||     4
Dodge: Dodged            |     2 |     3 |    19 |     4 ||    28

Table legend: (Time is in decaauts)
 A = Elapsed time spent in this place.
 B = Non-inter-level travel time spent in this place.
 C = Inter-level travel time spent in this place.
 D = Time resting spent in this place.
 E = Time spent auto-exploring this place.
 F = Levels seen in this place.
 G = Mean time per level.
                   A        B        C        D        E       F      G
               +--------+--------+--------+--------+--------+-----+--------+
         Total |   2481 |   2481 |      0 |   1970 |     21 |   1 | 2481.0 |
       Dungeon |   2481 |   2481 |      0 |   1970 |     21 |   1 | 2481.0 |
               +--------+--------+--------+--------+--------+-----+--------+

Top non-repeatable levels by time:
       D: 2481 daAuts
